 Dungeon Crawl Stone Soup version 0.21.1-1-g345015f (webtiles) character file.

44879 wilfster70 the Unseen (level 13, -2/72 HPs)
             Began as a Spriggan Enchanter on May 30, 2018.
             Was the Champion of Dithmenos.
             Slain by a sixfirhy (12 damage)
             ... summoned by an orc high priest
             ... on level 1 of the Orcish Mines.
             The game lasted 01:34:59 (21653 turns).

wilfster70 the Unseen (Spriggan Enchanter)         Turns: 21653, Time: 01:35:00

Health: -2/72      AC:  3    Str:  4    XL:     13   Next: 98%
Magic:  21/26      EV: 28    Int: 21    God:    Dithmenos [******]
Gold:   1228       SH:  0    Dex: 17    Spells: 17/28 levels left

rFire    . . .     SeeInvis +   a - +2 dagger (pierce)
rCold    + + .     Gourm    .   (shield restricted)
rNeg     . . .     Faith    .   w - +1 robe
rPois    .         Spirit   .   (helmet restricted)
rElec    .         Reflect  .   i - scarf {rC+ rF+}
rCorr    .         Harm     .   (gloves unavailable)
MR       ++...                  (boots unavailable)
Stlth    ++++++++++             (no amulet)
HPRegen  0.22/turn              t - ring of ice
MPRegen  0.20/turn              h - +3 ring of slaying

@: wreathed by umbra, very quick
A: very small, unfitting armour, see invisible, herbivore, speed 3, slow
metabolism 2
a: Shadow Step, Shadow Form, Renounce Religion


You were on level 1 of the Orcish Mines.
You worshipped Dithmenos.
Dithmenos was exalted by your worship.
You were not hungry.

You visited 3 branches of the dungeon, and saw 18 of its levels.
You also visited: Labyrinth.

You collected 1228 gold pieces.

Inventory:

Hand Weapons
 a - a +2 dagger of piercing (weapon)
 b - the +3 war axe "Piriate" {chop, -Tele rElec rC+ Dex+3}
   (You found it on level 2 of the Lair of Beasts)

   It inflicts extra damage upon your enemies.
   It affects your dexterity (+3).
   It protects you from cold.
   It insulates you from electricity.
   It prevents most forms of teleportation.
Missiles
 p - 361 stones (quivered)
Armour
 i - a scarf of resistance (worn)
 w - a +1 robe (worn)
Jewellery
 h - a +3 ring of slaying (right hand)
 m - an uncursed ring of protection from fire
 n - an uncursed ring of protection from magic
 s - an uncursed ring of resist corrosion
 t - a ring of ice (left hand)
 L - a cursed ring of teleportation {unknown}
Wands
 j - a wand of enslavement (25)
 u - a wand of paralysis (30)
 z - a wand of acid (13)
 A - a wand of disintegration (34)
 C - a wand of polymorph (25)
Scrolls
 f - 5 scrolls of remove curse
 o - a scroll of amnesia
 y - 4 scrolls of teleportation
 G - a scroll of fog
 H - a scroll of enchant armour
 I - a scroll of holy word
Potions
 e - 3 potions of mutation
 g - 2 potions of agility
 k - 2 potions of berserk rage
 l - 4 potions of flight
 q - 5 potions of curing
 v - 3 potions of brilliance
 x - 4 potions of heal wounds
 B - 2 potions of lignification
 D - 2 potions of cancellation
 E - a potion of magic
 F - 3 potions of might
 K - a potion of invisibility
Books
 c - a book of Maledictions

   Spells                             Type                      Level
   a - Corona                         Hexes                        1
   b - Ensorcelled Hibernation        Hexes/Ice                    2
   c - Confuse                        Hexes                        3
   d - Tukima's Dance                 Hexes                        3
   e - Dazzling Spray                 Conjuration/Hexes            3
 r - a book of Geomancy

   Spells                             Type                      Level
   a - Sandblast                      Earth                        1
   b - Passwall                       Transmutation/Earth          2
   c - Stone Arrow                    Conjuration/Earth            3
   d - Petrify                        Transmutation/Earth          4
   e - Lee's Rapid Deconstruction     Earth                        5
 J - a book of Power

   Spells                             Type                      Level
   a - Iskenderun's Battlesphere      Conjuration/Charms           5
   b - Venom Bolt                     Conjuration/Poison           5
   c - Bolt of Magma                  Conjuration/Fire/Earth       5
   d - Iron Shot                      Conjuration/Earth            6
   e - Orb of Destruction             Conjuration                  7
   f - Spellforged Servitor           Conjuration/Summoning        7
Comestibles
 d - 34 rations


   Skills:
 + Level 9.9 Fighting
 - Level 10.0 Short Blades
 - Level 12.2 Dodging
 - Level 17.8 Stealth
 - Level 8.4 Spellcasting
 - Level 8.4 Hexes
 - Level 7.1 Ice Magic
 * Level 4.1 Invocations


You had 17 spell levels left.
You knew the following spells:

 Your Spells              Type           Power        Failure   Level  Hunger
a - Iron Shot             Conj/Erth      #.........   100%        6    ######.
b - Ensorcelled Hibernat  Hex/Ice        ######       1%          2    None
c - Confuse               Hex            #####...     1%          3    None


Dungeon Overview and Level Annotations

Branches:
Dungeon (10/15)            Temple (0/1) D:4            Lair (6/6) D:8
  Swamp (0/4) Lair:2        Snake (0/4) Lair:3        Slime (0/5) Lair:6
    Orc (2/2) D:10            Elf (0/3) Orc:2

Altars:
Ashenzari
Cheibriados
Dithmenos
Fedhas
Nemelex Xobeh
Qazlal
Trog
Vehumet
Xom
Yredelemnul
Beogh

Annotations:
Lair:6 exclusion: 2 oklob plants


Innate Abilities, Weirdness & Mutations

You are very small and have problems with some larger weapons.
You are too small for most types of armour.
You have supernaturally acute eyesight. (SInv)
You are a herbivore.
You cover ground extremely quickly.
You need consume almost no food.


Message History

Your shadow mimicks your spell!
The orc warrior is unaffected.
The smoke demon gestures at you. Beogh smites you!
* * * LOW HITPOINT WARNING * * *
The hellwing swoops through the air toward you!
The hellwing closely misses you. The hellwing misses you.
The helpless orc warrior fails to defend itself.
You skewer the orc warrior like a kebab!!!!!
You kill the orc warrior!
Dithmenos accepts your kill. The orc warrior completely misses you.
The hellwing misses you. The hellwing completely misses you.
Things that are here:
23 gold pieces; a chain mail; an enchanted long sword The sixfirhy completely misses you.
The sixfirhy hits you!
* * * LOW HITPOINT WARNING * * *
The sixfirhy shocks you!
You die...

#...#...#.......#
##.###.........##
##...##..........###
#.....##........##.##
##..................#
#).................##
##<...........#....##
##[)...............#
##[@.........##.#.##
#..3............###
##..)$4...........#
#...)o.....#.....##
##.o......#......##
#.3o4...###......#
##........##...#.###
#........##...#....##
##......####.###....#


You could see 2 orc high priests, an orange demon, a hellwing, a sixfirhy, a
smoke demon and an orc warrior.

Vanquished Creatures
  An orc warlord (D:10)
  The ghost of Monsterracer the Grappler, a journeyman MiMo (Lair:2)
  Snorg (Lair:3)
  A minotaur (Lab)
  The ghost of Tiareth the Thaumaturge, a journeyman DEWz of Cheibriados (Lair:6)
  A catoblepas (Lair:2)
  5 hydras
  2 two-headed ogres
  4 death yaks
  The ghost of Amon001 the Magician, a novice GnWr of Fedhas (D:8)
  Urug (Lair:2)
  The ghost of diana the Martial Artist, a novice OpTm of Ashenzari (D:9)
  A lindwurm (Lair:4)
  2 orc knights
  Maurice (D:8)
  3 elephants (Lair:5)
  5 black mambas
  16 spiny frogs
  2 rime drakes (Lair:3)
  11 komodo dragons
  A queen bee (Lair:3)
  A hornet (D:8)
  A tyrant leech (Lair:6)
  9 hippogriffs
  13 blink frogs (Lair:6)
  4 dream sheep (Lair:6)
  4 wyverns (Lair:3)
  3 yaks
  A basilisk (Lair:3)
  A human (D:8)
  A hungry ghost (D:7)
  A steam dragon (Lair:3)
  5 vampire mosquitoes (Lair:6)
  Menkaure (D:4)
  5 nagas (Lair:3)
  6 water moccasins
  8 porcupines
  12 orc warriors
  2 sky beasts (D:7)
  2 black bears
  3 ice beasts
  6 ogres
  3 phantoms
  6 wolves (Lair:3)
  4 centaurs
  8 crocodiles
  31 bullfrogs
  A water moccasin skeleton (D:8)
  4 scorpions
  25 killer bees (Lair:3)
  5 wights (D:9)
  An electric eel (D:10)
  5 howler monkeys
  4 crimson imps
  A centaur zombie (D:8)
  2 bullfrog zombies
  A quasit (D:7)
  15 orc wizards
  3 hounds
  3 jellies
  11 orc priests
  A bullfrog skeleton (D:10)
  A centaur skeleton (D:7)
  2 iguanas
  8 worker ants
  A killer bee zombie (D:10)
  2 hound skeletons
  A howler monkey zombie (D:6)
  9 gnolls
  6 adders
  A howler monkey skeleton (D:10)
  5 river rats
  A shadow imp (D:7)
  An adder zombie (D:9)
  2 worms (D:4)
  3 dart slugs (D:2)
  10 leopard geckos
  48 orcs
  2 bats
  6 giant cockroaches
  3 goblins
  3 hobgoblins
  5 jackals
  5 quokkas
  A ball python (D:5)
  3 frilled lizards
  2 kobolds (D:3)
  A quokka zombie (D:5)
  7 rats
  A plant (D:7)
425 creatures vanquished.

Vanquished Creatures (others)
  A dream sheep (Lair:6)
  A vampire mosquito (Lair:6)
  A bullfrog (Lair:6)
  16 fungi
  37 plants
56 creatures vanquished.

Grand Total: 481 creatures vanquished

Notes
Turn   | Place    | Note
-------+----------+-------------------------------------------
     0 | D:1      | wilfster70 the Spriggan Enchanter began the quest for the Orb.
     0 | D:1      | Reached XP level 1. HP: 9/9 MP: 5/5
   575 | D:2      | Found a shattered altar of Ashenzari.
   581 | D:2      | Found a shadowy altar of Dithmenos.
   595 | D:2      | Became a worshipper of Dithmenos the Shadowed
   731 | D:2      | Reached skill level 5 in Stealth
   731 | D:2      | Reached XP level 2. HP: 12/13 MP: 4/6
   735 | D:2      | Learned a level 2 spell: Ensorcelled Hibernation
   922 | D:2      | Found a shimmering altar of Xom.
  1381 | D:3      | Reached XP level 3. HP: 16/16 MP: 1/8
  1386 | D:3      | Learned a level 3 spell: Confuse
  1392 | D:3      | Reached skill level 6 in Stealth
  1392 | D:3      | Reached XP level 4. HP: 21/21 MP: 0/10
  1493 | D:3      | Reached skill level 1 in Ice Magic
  1870 | D:3      | Found a blossoming altar of Fedhas.
  1872 | D:3      | Found a bloodstained altar of Trog.
  2169 | D:3      | Found a faded altar of an unknown god.
  2393 | D:3      | Reached * piety under Dithmenos
  2598 | D:3      | Found a stormy altar of Qazlal.
  3171 | D:4      | Reached XP level 5. HP: 24/24 MP: 11/11
  3264 | D:4      | Noticed an ogre
  3279 | D:4      | Killed an ogre
  3279 | D:4      | Reached skill level 7 in Stealth
  3477 | D:4      | Reached XP level 6. HP: 28/28 MP: 10/13
  3717 | D:4      | Found a staircase to the Ecumenical Temple.
  3729 | D:4      | Reached skill level 5 in Hexes
  3826 | D:4      | Noticed Menkaure
  3845 | D:4      | Killed Menkaure
  3845 | D:4      | Reached skill level 8 in Stealth
  4554 | D:5      | Entered Level 5 of the Dungeon
  4574 | D:5      | Reached XP level 7. HP: 32/32 MP: 12/15
  4633 | D:5      | Reached skill level 9 in Stealth
  4919 | D:5      | Reached skill level 5 in Spellcasting
  5896 | D:6      | Reached ** piety under Dithmenos
  5897 | D:6      | Reached skill level 10 in Stealth
  5943 | D:6      | Reached XP level 8. HP: 31/36 MP: 8/17
  6349 | D:6      | Reached skill level 11 in Stealth
  6869 | D:6      | Reached skill level 12 in Stealth
  7264 | D:7      | Reached skill level 1 in Fighting
  7264 | D:7      | Reached XP level 9. HP: 41/41 MP: 16/19
  7431 | D:7      | Reached skill level 13 in Stealth
  7552 | D:7      | Reached *** piety under Dithmenos
  7565 | D:7      | Found a sparkling altar of Nemelex Xobeh.
  8333 | D:7      | Reached skill level 14 in Stealth
  8366 | D:7      | Reached skill level 5 in Short Blades
  8534 | D:7      | Found a sparkling altar of Nemelex Xobeh.
  8715 | D:8      | Reached **** piety under Dithmenos
  8730 | D:8      | Found a snail-covered altar of Cheibriados.
  8898 | D:8      | Noticed Amon001's ghost (novice GnWr)
  9264 | D:8      | Reached skill level 15 in Stealth
  9282 | D:8      | Reached XP level 10. HP: 49/49 MP: 18/20
  9307 | D:8      | Noticed a two-headed ogre
  9466 | D:7      | Killed a two-headed ogre
  9703 | D:8      | Reached skill level 5 in Dodging
  9843 | D:8      | Killed Amon001's ghost
  9843 | D:8      | Reached skill level 5 in Fighting
 10027 | D:8      | Found a radiant altar of Vehumet.
 10053 | D:8      | Noticed Maurice
 10068 | D:8      | Killed Maurice
 10464 | D:8      | Found a staircase to the Lair.
 10495 | D:8      | Reached skill level 5 in Ice Magic
 10527 | Lair:1   | Entered Level 1 of the Lair of Beasts
 10590 | Lair:1   | Found a labyrinth entrance.
 10618 | Lab      | Entered a labyrinth
 11040 | Lab      | Noticed a minotaur
 11045 | Lab      | Killed a minotaur
 11045 | Lab      | Reached XP level 11. HP: 56/56 MP: 19/22
 11602 | Lair:1   | Noticed a seven-headed hydra
 12259 | Lair:2   | Noticed a catoblepas
 12324 | Lair:2   | Killed a catoblepas
 12325 | Lair:2   | Found a staircase to the Swamp.
 12331 | Lair:2   | Noticed Urug
 12339 | Lair:2   | Killed Urug
 12349 | Lair:2   | Noticed Monsterracer's ghost (journeyman MiMo)
 12377 | Lair:2   | Killed Monsterracer's ghost
 12654 | Lair:2   | Got an encrusted war axe
 12657 | Lair:2   | Identified the +3 war axe "Piriate" {chop, -Tele rElec rC+ Dex+3} (You found it on level 2 of the Lair of Beasts)
 12737 | Lair:2   | You fall through a shaft for 2 floors!
 12756 | Lair:4   | Noticed a death yak
 12757 | Lair:4   | Noticed a death yak
 12761 | Lair:4   | Noticed a death yak
 12761 | Lair:4   | Noticed a death yak
 12810 | Lair:4   | Noticed a death yak
 12820 | Lair:4   | Noticed a lindwurm
 12826 | Lair:4   | Killed a lindwurm
 13358 | Lair:3   | Reached skill level 16 in Stealth
 13511 | Lair:3   | Found a staircase to the Snake Pit.
 13534 | Lair:3   | Reached ***** piety under Dithmenos
 13572 | Lair:3   | Noticed Snorg
 13579 | Lair:3   | Killed Snorg
 13579 | Lair:3   | Reached XP level 12. HP: 54/60 MP: 4/25
 14175 | Lair:3   | Reached skill level 17 in Stealth
 14856 | Lair:4   | Noticed a death yak
 14975 | Lair:3   | Killed a death yak
 14975 | Lair:3   | Reached skill level 10 in Short Blades
 15422 | Lair:4   | Killed a death yak
 15497 | Lair:4   | Killed a death yak
 15819 | Lair:3   | Killed a death yak
 15819 | Lair:3   | Reached skill level 10 in Dodging
 16700 | Lair:5   | Noticed a four-headed hydra
 16716 | Lair:5   | Killed a four-headed hydra
 16732 | Lair:5   | Reached XP level 13. HP: 63/63 MP: 23/26
 17462 | Lair:6   | Entered Level 6 of the Lair of Beasts
 19200 | Lair:6   | Noticed Tiareth's ghost (journeyman DEWz)
 19225 | Lair:6   | Killed Tiareth's ghost
 19266 | Lair:6   | Reached ****** piety under Dithmenos
 19454 | Lair:6   | Found a staircase to the Slime Pits.
 20175 | D:9      | Learned a level 6 spell: Iron Shot
 20311 | D:9      | Noticed diana's ghost (novice OpTm)
 20323 | D:9      | Killed diana's ghost
 20323 | D:9      | Reached skill level 1 in Invocations
 20490 | D:10     | Entered Level 10 of the Dungeon
 20546 | D:10     | Found a staircase to the Orcish Mines.
 20564 | D:10     | Found a roughly hewn altar of Beogh.
 20735 | D:10     | Found a basalt altar of Yredelemnul.
 20794 | Orc:1    | Entered Level 1 of the Orcish Mines
 20908 | Orc:2    | Entered Level 2 of the Orcish Mines
 20912 | Orc:2    | Found a staircase to the Elven Halls.
 20924 | Orc:2    | Noticed an orc warlord
 21057 | D:10     | Killed an orc warlord
 21653 | Orc:1    | Slain by a sixfirhy

Skill      XL: |  1  2  3  4  5  6  7  8  9 10 11 12 13 |
---------------+----------------------------------------+-----
Stealth        | 5 6 7 8 10 12 15 16 17 | 17.8
Spellcasting   | 3 4 5 6 7 8 |  8.4
Hexes          | 4 5 6 7 8 |  8.4
Ice Magic      | 1 2 3 4 5 7 |  7.1
Short Blades   | 3 5 6 8 10 | 10.0
Fighting       | 1 3 5 9 |  9.9
Dodging        | 6 12 | 12.2
Invocations    | 4 |  4.1

Action                   |  1- 3 |  4- 6 |  7- 9 | 10-12 | 13-15 || total
-------------------------+-------+-------+-------+-------+-------++-------
Melee: Dagger            |    40 |   109 |   221 |   224 |   192 ||   786
       War axe           |       |       |       |     4 |       ||     4
 Cast: Corona            |     3 |       |       |       |       ||     3
       Ensorcelled Hiber |     9 |    51 |   131 |   182 |   123 ||   496
       Confuse           |       |     2 |    10 |    14 |    15 ||    41
Evoke: Wand              |       |     1 |       |       |       ||     1
  Use: Scroll            |       |       |    16 |    11 |     4 ||    31
       Potion            |       |       |       |     1 |     1 ||     2
 Stab: Sleeping          |    10 |    37 |    93 |   125 |    97 ||   362
       Paralysed         |       |     1 |       |       |       ||     1
       Confused          |       |     2 |     9 |     9 |    12 ||    32
       Distracted        |       |     1 |     3 |     2 |     1 ||     7
  Eat: Ration            |       |     1 |     3 |     4 |     2 ||    10
Armor: Robe              |     7 |     8 |    11 |     8 |     3 ||    37
Dodge: Dodged            |    29 |    63 |   108 |   198 |   197 ||   595
